 Dungeon Crawl Stone Soup version 0.29.0-4-gdea44cf6ec (webtiles) character file.

Game seed: 10489184135357086086

90 qw the Ruffian (level 4, -3/35 HPs)
             Began as a Ghoul Fire Elementalist on Aug 29, 2022.
             Slain by an ice beast (4 damage)
             ... on level 3 of the Dungeon.
             The game lasted 00:02:04 (2214 turns).

qw the Ruffian (Ghoul Fire Elementalist)            Turns: 2214, Time: 00:02:04

Health: -3/35      AC:  5    Str: 13    XL:     4   Next: 56%
Magic:  5/5        EV: 10    Int: 10    God:
Gold:   97         SH:  0    Dex:  9    Spells: 5/6 levels left

rFire   . . .      SeeInvis .     - Unarmed
rCold   + . .      Faith    .   (no shield)
rNeg    + + +      Spirit   .   d - +0 ring mail {Will+}
rPois   inf        Reflect  .   (no helmet)
rElec   .          Harm     .   (no cloak)
rCorr   .          Rampage  .   (no gloves)
Will    +....                   (no boots)
Stlth   +.........              (no amulet)
HPRegen 0.00/turn               (no ring)
MPRegen 0.09/turn               (no ring)

@: inhibited regen
A: claws 1, cold resistance 1, negative energy resistance 3, inhibited
regeneration, torment resistance 2, devour on kill
a: no special abilities


You were on level 3 of the Dungeon.
You visited 1 branch of the dungeon, and saw 3 of its levels.

You collected 175 gold pieces.
You spent 78 gold pieces at shops.


Innate Abilities, Weirdness & Mutations

You are immune to poison.
You have sharp fingernails.
Your flesh is cold resistant. (rC+)
You are immune to negative energy. (rN+++)
You do not regenerate when monsters are visible.
You are immune to unholy pain and torment.
You thrive by killing the living.


   Skills:
 + Level 1.6 Fighting
 - Level 1.7 Dodging
 - Level 2.1 Stealth
 - Level 4.0 Unarmed Combat
 - Level 1.7 Spellcasting
 - Level 0.7 Conjurations
 - Level 2.4 Fire Magic


You had 5 spell levels left.
You knew the following spells:

 Your Spells              Type           Power      Damage    Failure   Level
a - Foxfire               Conj/Fire      16%        2x1d4     36%         1

Your spell library contained the following spells:

 Spells                   Type           Power      Damage    Failure   Level
 Scorch                   Fire           10%        2d5       36%         2
 Conjure Flame            Conj/Fire      4%         6-21      73%         3
 Inner Flame              Hex/Fire       3%         N/A       78%         3
 Flame Wave               Conj/Fire      4%         2d5       98%         4

Inventory:

Armour
 d - a +0 ring mail of willpower (worn)
Scrolls
 e - a scroll of identify
Potions
 f - 4 potions of curing
 g - a potion of haste

Dungeon Overview and Level Annotations

Branches:
Dungeon (3/15)

Altars:

Shops:
D:2 !


Message History

The hobgoblin is heavily wounded.
The hobgoblin closely misses you.
2200 ||| Stepping ~*~*~tactically~*~*~ (outnumbered).
You closely miss the hobgoblin.
The hobgoblin is heavily wounded.
The hobgoblin hits you but does no damage.
You claw the hobgoblin!
You kill the hobgoblin!
You scratch the ice beast but do no damage.
The ice beast misses you.
You barely miss the ice beast. The ice beast hits you.
The ice beast freezes you. You resist.
You scratch the ice beast.
The ice beast is lightly wounded.
The ice beast hits you. The ice beast freezes you. You resist.
You scratch the ice beast.
The ice beast is moderately wounded.
The ice beast hits you but does no damage.
You closely miss the ice beast.
The ice beast is moderately wounded.
The ice beast hits you but does no damage.
You completely miss the ice beast.
The ice beast is moderately wounded.
The ice beast barely misses you.
You scratch the ice beast but do no damage.
The ice beast is moderately wounded.
The ice beast hits you. The ice beast freezes you. You resist.
You barely miss the ice beast.
The ice beast is moderately wounded.
The ice beast hits you. The ice beast freezes you. You resist.
You barely miss the ice beast.
The ice beast is moderately wounded.
The ice beast hits you. The ice beast freezes you. You resist.
You scratch the ice beast but do no damage.
The ice beast is moderately wounded.
The ice beast barely misses you.
You closely miss the ice beast.
The ice beast is moderately wounded.
The ice beast hits you.
You die...

#. #.#.# #.....#>.).........
#
#.#......#.....+(...........
.....#...##....####..w...###
#.#.. ...##....####w...#.#
#..?.##..##...........##.#
.............#.#######.# .#
..............#.# #.# .#
.............###.# #.# .#
..............Y@.<# #.# .#
...............##### #.#
...............####
..................#
............%.....###
......................
......................
...............#####..
....[............# .


You could see an ice beast.

Vanquished Creatures
  3 adders (D:2)
  3 worms
  2 dart slugs
  An orc (D:3)
  3 bats (D:1)
  7 endoplasms
  A giant cockroach (D:1)
  3 goblins (D:1)
  4 hobgoblins
  3 jackals (D:2)
  A quokka (D:3)
  3 ball pythons (D:2)
  2 frilled lizards (D:1)
  5 kobolds
  6 rats
47 creatures vanquished.

Notes
Turn   | Place    | Note
-------+----------+-------------------------------------------
     0 | D:1      | qw the Ghoul Fire Elementalist began the quest for the Orb.
     0 | D:1      | Reached XP level 1. HP: 14/14 MP: 2/2
     0 | D:1      | 0 ||| qw: Version: 0.1-a-90-g952f4b7
     0 | D:1      | 0 ||| qw: Game counter: 3701
     0 | D:1      | 0 ||| qw: Always use a shield: true
     0 | D:1      | 0 ||| qw: God list: Okawaru
     0 | D:1      | 0 ||| qw: Allow faded altars: false
     0 | D:1      | 0 ||| qw: Do Orc after D:15 true
     0 | D:1      | 0 ||| qw: Do second Lair branch before Depths: true
     0 | D:1      | 0 ||| qw: Lair rune preference: random
     0 | D:1      | 0 ||| qw: Plans: Normal
     0 | D:1      | 0 ||| PLANNING D:1-11
    44 | D:1      | 44 ||| Stepping ~*~*~tactically~*~*~ (stealth).
    47 | D:1      | 47 ||| Stepping ~*~*~tactically~*~*~ (stealth).
    63 | D:1      | Reached skill level 1 in Unarmed Combat
    63 | D:1      | 63 ||| Stepping ~*~*~tactically~*~*~ (stealth).
   310 | D:1      | Reached skill level 1 in Fighting
   310 | D:1      | Reached XP level 2. HP: 15/23 MP: 3/3
   496 | D:1      | 496 ||| Stepping ~*~*~tactically~*~*~ (stealth).
   530 | D:1      | 530 ||| Stepping ~*~*~tactically~*~*~ (stealth).
   638 | D:1      | 638 ||| Stepping ~*~*~tactically~*~*~ (hiding).
   741 | D:1      | 741 ||| Stepping ~*~*~tactically~*~*~ (hiding).
   746 | D:1      | 746 ||| Stepping ~*~*~tactically~*~*~ (hiding).
   747 | D:1      | 747 ||| Stepping ~*~*~tactically~*~*~ (hiding).
   754 | D:1      | Reached skill level 2 in Unarmed Combat
   943 | D:1      | Reached XP level 3. HP: 28/28 MP: 4/4
  1325 | D:1      | 1325 ||| UPGRADING to +0 ring mail of willpower.
  1335 | D:1      | 1335 ||| DROPPING +0 robe.
  1336 | D:1      | 1336 ||| READING 2 scrolls labelled LUWARI UCVAISI.
  1337 | D:1      | 1337 ||| READING 2 scrolls labelled ZUCHUO GIACVE.
  1338 | D:1      | 1338 ||| READING 3 scrolls labelled VASTIO POGHIFEO.
  1339 | D:1      | 1339 ||| DRINKING 2 fizzy brown potions.
  1340 | D:1      | 1340 ||| DROPPING potion of magic.
  1341 | D:1      | 1341 ||| DROPPING scroll of torment.
  1342 | D:1      | 1342 ||| DROPPING 2 scrolls of immolation.
  1376 | D:2      | Found Jajesuer's Distillery.
  1379 | D:2      | 1379 ||| Stepping ~*~*~tactically~*~*~ (hiding).
  1405 | D:2      | 1405 ||| BUYING potion of curing (39 gold).
  1405 | D:2      | Bought a potion of curing for 39 gold pieces
  1405 | D:2      | 1405 ||| BUYING potion of curing (39 gold).
  1405 | D:2      | Bought a potion of curing for 39 gold pieces
  1405 | D:2      | 1405 ||| SHOPLISTING potion of haste (130 gold, have 56).
  1405 | D:2      | 1405 ||| SHOPLISTING potion of heal wounds (65 gold, have
                  | 56).
  1478 | D:2      | Reached skill level 3 in Unarmed Combat
  1584 | D:2      | 1584 ||| Stepping ~*~*~tactically~*~*~ (stealth).
  1588 | D:2      | 1588 ||| Stepping ~*~*~tactically~*~*~ (stealth).
  1589 | D:2      | 1589 ||| Stepping ~*~*~tactically~*~*~ (stealth).
  1593 | D:2      | 1593 ||| Stepping ~*~*~tactically~*~*~ (stealth).
  1677 | D:2      | 1677 ||| Stepping ~*~*~tactically~*~*~ (stealth).
  1680 | D:2      | 1680 ||| Stepping ~*~*~tactically~*~*~ (stealth).
  1681 | D:2      | 1681 ||| Stepping ~*~*~tactically~*~*~ (stealth).
  1682 | D:2      | 1682 ||| Stepping ~*~*~tactically~*~*~ (stealth).
  1717 | D:2      | Reached XP level 4. HP: 33/35 MP: 5/5
  1767 | D:2      | 1767 ||| Stepping ~*~*~tactically~*~*~ (stealth).
  1994 | D:2      | 1994 ||| READING scroll labelled SILUT GOPHUY.
  1995 | D:2      | 1995 ||| READING scroll labelled PIAT LULIA.
  1998 | D:2      | 1998 ||| READING scroll labelled IRCHUE RAADIPRE.
  1999 | D:2      | 1999 ||| READING 2 scrolls of identify.
  1999 | D:2      | 1999 ||| IDENTIFYING clear potion
  2000 | D:2      | 2000 ||| DROPPING potion of ambrosia.
  2021 | D:3      | Reached skill level 4 in Unarmed Combat
  2067 | D:3      | 2067 ||| FLEEEEING.
  2068 | D:3      | 2068 ||| FLEEEEING.
  2069 | D:3      | 2069 ||| FLEEEEING.
  2070 | D:3      | 2070 ||| FLEEEEING.
  2071 | D:3      | 2071 ||| FLEEEEING.
  2072 | D:3      | 2072 ||| FLEEEEING.
  2073 | D:3      | 2073 ||| FLEEEEING.
  2074 | D:3      | 2074 ||| FLEEEEING.
  2077 | D:3      | 2077 ||| FLEEEEING.
  2080 | D:3      | 2080 ||| STAIRDANCE
  2110 | D:2      | 2110 ||| READING 3 scrolls labelled VACUNEVOARU.
  2111 | D:2      | 2111 ||| READING scroll labelled FOHEASTREAB.
  2112 | D:2      | 2112 ||| DROPPING 2 scrolls of noise.
  2180 | D:3      | Noticed an ice beast
  2187 | D:3      | 2187 ||| Stepping ~*~*~tactically~*~*~ (outnumbered).
  2188 | D:3      | 2188 ||| Stepping ~*~*~tactically~*~*~ (outnumbered).
  2189 | D:3      | 2189 ||| Stepping ~*~*~tactically~*~*~ (outnumbered).
  2190 | D:3      | 2190 ||| Stepping ~*~*~tactically~*~*~ (outnumbered).
  2191 | D:3      | 2191 ||| Stepping ~*~*~tactically~*~*~ (outnumbered).
  2192 | D:3      | 2192 ||| Stepping ~*~*~tactically~*~*~ (outnumbered).
  2193 | D:3      | 2193 ||| Stepping ~*~*~tactically~*~*~ (outnumbered).
  2194 | D:3      | 2194 ||| Stepping ~*~*~tactically~*~*~ (outnumbered).
  2195 | D:3      | 2195 ||| Stepping ~*~*~tactically~*~*~ (outnumbered).
  2196 | D:3      | 2196 ||| Stepping ~*~*~tactically~*~*~ (outnumbered).
  2197 | D:3      | 2197 ||| Stepping ~*~*~tactically~*~*~ (outnumbered).
  2198 | D:3      | 2198 ||| Stepping ~*~*~tactically~*~*~ (outnumbered).
  2200 | D:3      | 2200 ||| Stepping ~*~*~tactically~*~*~ (outnumbered).
  2212 | D:3      | HP: 7/35 [ice beast (4)]
  2212 | D:3      | HP: 1/35 [ice beast (6)]
  2214 | D:3      | Slain by an ice beast

Levels and vault maps discovered:
D:1:      dpeg_arrival_rhombi, layout_rooms, minmay_misc_feat_four_crosses,
          hangedman_abyss_or_decor_lesser_grid,
          wander_ebering_terrifying_dragon_lair
D:2:      layout_rooms, serial_corexii_hall, corexii_hall_statues_l,
          corexii_hall_statues_l, serial_shops, shop
D:3:      layout_basic, nicolae_wormholes

Skill      XL: |  1  2  3  4 |
---------------+-------------+-----
Unarmed Combat | 1 2 3 4 |  4.0
Fighting       | 1 |  1.6
Dodging        | |  1.7
Stealth        | |  2.1
Spellcasting   | |  1.7
Conjurations   | |  0.7
Fire Magic     | |  2.4

Action                   |  1- 3 |  4- 6 || total
-------------------------+-------+-------++-------
Melee: Unarmed           |    92 |    49 ||   141
       Punch             |     2 |       ||     2
Throw: Javelin           |    24 |     9 ||    33
  Use: Scroll            |     3 |     6 ||     9
       Potion            |     1 |       ||     1
Armor: Robe              |     4 |       ||     4
       Ring mail         |    11 |    11 ||    22
Dodge: Dodged            |    34 |    21 ||    55

Table legend:
 A = Non-vault XP
 B = Vault XP
 C = Vault XP percentage of total XP
 D = Non-vault monster count
 E = Vault monster count
 F = Vault count percentage of total count
                 A         B        C        D         E       F
            +---------+---------+-------+---------+---------+-------
      Total |     118 |      11 |   8.5 |      44 |       3 |   6.4
            +---------+---------+-------+---------+---------+-------
        D:1 |      44 |       1 |   2.2 |      24 |       1 |   4.0
        D:2 |      64 |       0 |   0.0 |      15 |       0 |   0.0
        D:3 |      10 |      10 |  50.0 |       5 |       2 |  28.6
            +---------+---------+-------+---------+---------+-------
